 Dungeon Crawl Stone Soup version 0.31-a0-851-g7ff8af7976 (webtiles) character file.

Game seed: 3263212076557501250

200 BinkBink the Grave Robber (level 5, -2/35 HPs)
             Began as a Mummy Necromancer on Oct 6, 2023.
             Was a Priest of Cheibriados.
             Slain by an orc
             ... wielding a +0 club
              (4 damage)
             ... on level 4 of the Dungeon.
             The game lasted 00:09:39 (3310 turns).

BinkBink the Grave Robber (Mummy Necromancer)       Turns: 3310, Time: 00:09:40

Health: -2/35      AC:  3    Str: 17    XL:     5   Next: 49%
Magic:  1/12       EV: 12    Int: 22    God:    Cheibriados [***...]
Gold:   131        SH:  0    Dex: 21    Spells: 13/14 levels left

rFire   x . .        (no weapon)
rCold   + . .        (no shield)
rNeg    + + +        b - +0 leather armour "Leennoam" {Dex+2}
rPois   ∞            (no helmet)
rElec   .            (no cloak)
rCorr   .            (no gloves)
SInv    .            (no boots)
Will    .....        (no amulet)
Stlth   ++           (no ring)
HPRegen 0.25/turn    (no ring)
MPRegen 0.13/turn

%: faith
@: very slow
A: cold resistance 1, negative energy resistance 3, torment resistance 2, heat
vulnerability 1, in touch with death 1, no potions, faith
a: Renounce Religion, Bend Time, Temporal Distortion


You were on level 4 of the Dungeon.
You worshipped Cheibriados.
Cheibriados was most pleased with you.
You visited 1 branch of the dungeon, and saw 4 of its levels.

You collected 131 gold pieces.

Inventory:

Hand Weapons
 d - a +1 sling
Armour
 a - a +0 robe
 b - the +0 leather armour "Leennoam" (worn) {Dex+2}
   (You found it on level 2 of the Dungeon)

   Dex+2:     It affects your dexterity (+2).
 e - an orb of guile
 f - a +2 kite shield
Jewellery
 h - a +6 ring of strength
Wands
 i - a wand of roots (15)
Scrolls
 c - 2 scrolls of fog
 g - a scroll of teleportation {unknown}
 j - a scroll of revelation {unknown}


   Skills:
 + Level 1.6 Armour
 - Level 1.5 Dodging
 - Level 1.5 Stealth
 * Level 5.0 Spellcasting
 * Level 5.3 Necromancy


You had 13 spell levels left.
You knew the following spells:

 Your Spells              Type           Power      Damage    Failure   Level
a - Necrotise             Necr           100%       1d9       1%          1

Your spell library contained the following spells:

 Spells                   Type           Power      Damage    Failure   Level
 Vampiric Draining        Necr           43%        2d9       4%          3
 Animate Dead             Necr           43%        N/A       14%         4
 Ensorcelled Hibernation  Hex/Ice        10%        N/A       19%         2
 Passwall                 Tmut/Erth      4%         N/A       19%         2
 Swiftness                Air            5%         N/A       34%         3
 Agony                    Necr           43%        N/A       36%         5


Dungeon Overview and Level Annotations

Branches:
Dungeon (4/15)
 Temple: D:4-7

Altars:
Cheibriados
Nemelex Xobeh
Wu Jian

Shops:
D:1 *

Annotations:
D:3 1 runed translucent door, Grinder; Nedwor's ghost, amateur DsGl
D:4 Pikel


Innate Abilities, Weirdness & Mutations

You are immune to poison.
Your flesh is cold resistant. (rC+)
You are immune to negative energy. (rN+++)
You are immune to unholy pain and torment.
You are vulnerable to heat. (rF-)
You are in touch with the powers of death.
You do not drink.
You have a special connection with the divine. (Faith)


Message History

The orc shouts!
The orc priest attacks as it pursues you!
The orc priest misses you.
Casting: Necrotise (safe; 1% risk of failure)
Confirm with . or Enter, or press ? or * to list all spells.
Aiming: Necrotise (safe; 1% risk of failure)
Press: ? - help, Shift-Dir - straight line, f - orc priest
Aim: an orc priest, wielding a +0 short sword (lightly wounded, chance to affect: 83%)
You feel a surge of power!
The orc priest writhes in agony!
The orc priest looks encouraged for a moment.
The orc hits you with a +0 club.
The orc priest hits you with a +0 short sword.
The orc priest mumbles some strange prayers to Beogh against you.
Beogh smites you!
The orc throws a boomerang.
The boomerang misses you.
The orc throws a boomerang.
The boomerang barely misses you. The orc priest barely misses you.
The orc priest attacks as it pursues you!
The orc priest hits you with a +0 short sword.
The orc priest calls down the wrath of Beogh upon you.
Beogh smites you!
* * * LOW HITPOINT WARNING * * *
Found a mace.
The orc priest attacks as it pursues you!
The orc priest hits you but does no damage.
The orc attacks as it pursues you! The orc barely misses you.
Casting: Necrotise (safe; 1% risk of failure)
Confirm with . or Enter, or press ? or * to list all spells.
Aiming: Necrotise (safe; 1% risk of failure)
Press: ? - help, Shift-Dir - straight line, f/p - orc priest
Aim: an orc priest, wielding a +0 short sword (severely wounded, chance to affect: 83%)
You feel a surge of power!
The orc priest writhes in agony.
You kill the orc priest!
Cheibriados appreciates the change of pace.
The dead are walking!
The orc barely misses you.
Your Spellcasting skill increases to level 5!
The orc throws a boomerang.
The boomerang closely misses you.
Found 8 gold pieces.
The orc attacks as it pursues you! The orc closely misses you.
Your orc priest skeleton hits the orc.
The orc hits you with a +0 club.
You die...

..##.##..#...##.................
.. #. ##...########............
. #. .## #............. ...####
............# .....#
............##
#..#$##)#.[.......##. .......
#.......#... .
#.#..####<.....#..# ..###
#.#@.............#
.....##.o.)............#
#...Z#..............# .
#....#..............##
...#..$)#........!......#
#......#...............#
..#...................#.#
....####..................
....####.................#


You could see an orc (ally target) and a friendly orc priest skeleton.

Vanquished Creatures
  An orc priest (D:4)
  Terence (D:3)
  An orc wizard (D:4)
  5 adders
  A worm (D:2)
  A dart slug (D:1)
  6 orcs
  6 ball pythons
  4 bats
  6 endoplasms
  2 giant cockroaches
  5 goblins
  A hobgoblin (D:2)
  7 jackals
  3 quokkas
  6 frilled lizards
  5 kobolds
  3 rats
64 creatures vanquished.

Vanquished Creatures (collateral kills)
  An endoplasm (D:2)
  A frilled lizard (D:1)
2 creatures vanquished.

Grand Total: 66 creatures vanquished

Notes
Turn   | Place    | Note
-------+----------+-------------------------------------------
     0 | D:1      | BinkBink the Mummy Necromancer began the quest for the Orb.
     0 | D:1      | Reached XP level 1. HP: 13/13 MP: 4/4
    92 | D:1      | You fall into a shaft and drop 1 floor!
    97 | D:2      | Identified the +0 leather armour "Leennoam" {Dex+2}
   147 | D:2      | Reached XP level 2. HP: 19/19 MP: 3/6
   312 | D:2      | Reached XP level 3. HP: 24/24 MP: 0/8
  1417 | D:1      | Found a faded altar of an unknown god.
  1468 | D:1      | Prayed at the altar of an unknown god.
  1468 | D:1      | Became a worshipper of Cheibriados the Contemplative
  1468 | D:1      | Reached * piety under Cheibriados
  1598 | D:1      | Reached XP level 4. HP: 30/30 MP: 7/10
  1665 | D:1      | Found Qacuig's General Store.
  1674 | D:1      | Reached skill level 1 in Armour
  1960 | D:3      | Noticed a bullfrog
  1961 | D:3      | Found a runed translucent door.
  1965 | D:3      | Noticed Nedwor's ghost (amateur DsGl)
  2027 | D:3      | Reached ** piety under Cheibriados
  2051 | D:3      | Found an ornate altar of the Wu Jian Council.
  2054 | D:3      | Noticed Terence
  2057 | D:3      | Killed Terence
  2288 | D:3      | Found a sparkling altar of Nemelex Xobeh.
  2477 | D:3      | Reached skill level 5 in Necromancy
  2728 | D:3      | Noticed Grinder
  2914 | D:4      | Noticed a lemure
  2914 | D:4      | Noticed a lemure
  2915 | D:4      | Noticed Pikel
  2915 | D:4      | Noticed a lemure
  2988 | D:3      | Reached XP level 5. HP: 34/35 MP: 5/11
  3288 | D:4      | Reached *** piety under Cheibriados
  3305 | D:4      | HP: 1/35 [orc priest/divine providence (14)]
  3308 | D:4      | Reached skill level 5 in Spellcasting
  3310 | D:4      | Slain by an orc

Illustrated notes

Levels and vault maps discovered:
D:1:      wander_arrival_fairy_ring, layout_basic, serial_shops, shop,
          shapermc_ecumenical_altar_totnotflames, minmay_misc_feat_rows
D:2:      layout_basic, grunt_ministairs_15
D:3:      layout_loops_corners, mainiacjoe_overflow_six_doors_small, tso_altar,
          nemelex_xobeh_ov_fountains_minmay, ebering_ghost_sewer_d,
          uniq_terence, uniq_grinder
D:4:      layout_rooms, lemuel_round_altar, serial_aquarium,
          aquarium_bridge_long_separate [aquarium_subvault_bridge,
          aquarium_subvault_window, aquarium_subvault_window,
          aquarium_subvault_bridge, aquarium_subvault_wall,
          aquarium_subvault_bridge], aquarium_window_1, aquarium_window_fake,
          aquarium_view_2d, aquarium_view_2g, uniq_pikel

Skill      XL: |  1  2  3  4  5 |
---------------+----------------+-----
Spellcasting   | 3 4 5 |  5.0
Armour         | 1 |  1.6
Necromancy     | 5 |  5.3
Dodging        | |  1.5
Stealth        | |  1.5

Action                     |  1- 3 |  4- 6 || total
---------------------------+-------+-------++-------
   Cast: Necrotise         |    63 |    65 ||   128
  Evoke: Wand              |       |     1 ||     1
    Use: Scroll            |       |     3 ||     3
 Armour: Robe              |     2 |       ||     2
         Leather armour    |     7 |    19 ||    26
  Dodge: Dodged            |     6 |    16 ||    22

Table legend: (Time is in decaauts)
 A = Elapsed time spent in this place.
 B = Non-inter-level travel time spent in this place.
 C = Inter-level travel time spent in this place.
 D = Time resting spent in this place.
 E = Time spent auto-exploring this place.
 F = Levels seen in this place.
 G = Mean time per level.
                   A        B        C        D        E       F      G
               +--------+--------+--------+--------+--------+-----+--------+
         Total |   3943 |   3680 |    263 |      0 |   3199 |   4 |  985.8 |
       Dungeon |   3943 |   3680 |    263 |      0 |   3199 |   4 |  985.8 |
               +--------+--------+--------+--------+--------+-----+--------+

Top non-repeatable levels by time:
     D:3: 1602 daAuts
     D:2: 1279 daAuts
     D:1: 924 daAuts
     D:4: 137 daAuts
